Map: Blackpink LE

Players

Rocktopus

  • Race: Terran Terran
  • League: Platinum
  • Spawn Location: 7:00

Subwayeatn - Winner!

  • Race: Zerg Zerg
  • League: Platinum
  • Spawn Location: 1:00

VOD

Have the link to the VOD?

Description

Time

  • Played on: May 8, 2018, 7:21 p.m.
  • Length: 15:45
Show
View Real Time Build Order
Export as new Build Order

Rocktopus Terran 

Build Orders: 2 Factory, Hellion Opening 

Get SALT Encoding   

  12  0:02  SCV  
  13  0:14  SCV  
  13  0:19  Supply Depot  
  14  0:26  SCV  
  15  0:29  Refinery  
  15  0:42  Barracks  
  15  0:44  SCV  
  16  0:56  Supply Depot  
  16  0:58  SCV  
  17  1:08  Refinery  
  17  1:12  SCV  
  18  1:29  SCV  
  19  1:38  Factory  
  19  1:48  SCV  
  19  1:51  Barracks Reactor  
  20  2:00  SCV  
  21  2:07  Factory  
  21  2:13  Supply Depot  
  21  2:15  SCV  
  22  2:27  SCV  
  23  2:39  SCV  
  23  2:40  Hellion x2  
  28  2:58  SCV  
  29  3:10  SCV  
  30  3:14  Hellion x2  
  30  3:16  Hellion  
  36  3:22  Orbital Command  
  36  3:37  Hellion  
  38  3:43  Factory Tech Lab  
  38  4:14  Supply Depot  
  38  4:16  Supply Depot  
  38  4:23  Barracks Tech Lab  
  38  4:26  Hellion  
  38  4:29  Siege Tank  
  33  4:48  Ghost Academy  
  35  4:53  Hellion x2, Command Center  
  35  4:54  Infernal Pre-Igniter  
  37  5:00  Starport  
  37  5:01  Siege Tank  
  40  5:21  Bunker  
  40  5:24  Ghost  
  42  5:29  Hellion x2  
  43  6:21  Siege Tank  
  43  6:22  Hellion x2  
  50  6:32  Bunker  
  50  6:33  Ghost  
  50  6:34  Personal Cloaking  
  50  6:37  Supply Depot  
  52  6:43  Supply Depot  
  52  6:44  Supply Depot  
  52  6:47  SCV  
  52  6:48  SCV  
  52  6:53  Siege Tank  
  57  6:59  SCV  
  57  7:00  SCV  
  59  7:03  Refinery  
  59  7:12  SCV  
  60  7:20  Armory  
  60  7:24  SCV  
  61  7:37  Medivac  
  61  7:39  Ghost  
  65  7:46  Ghost Academy  
  65  7:48  Engineering Bay  
  65  8:00  Supply Depot  
  65  8:01  Orbital Command  
  65  8:06  Refinery  
  55  8:25  Siege Tank  
  55  8:26  Hellion x2  
  62  8:36  Nuke x2  
  62  8:41  Ghost Academy  
  62  8:45  Missile Turret  
  62  8:47  Missile Turret  
  62  8:52  Missile Turret  
  62  8:55  Terran Vehicle Weapons Level 1  
  62  8:58  Hellion x2  
  66  9:12  Command Center  
  66  9:16  Ghost  
  68  9:17  Missile Turret  
  68  9:43  Hellion x2  
  68  9:45  Hellion  
  68  9:52  Nuke  
  68  9:55  Thor  
  68  9:58  Ghost Academy  
  74  10:01  Liberator  
  74  10:02  Factory  
  77  10:44  Viking  
  79  10:57  Nuke  
  67  11:36  Thor  
  75  11:50  Factory Tech Lab  
  73  11:59  Ghost  
  75  12:15  Widow Mine x2  
  79  12:28  Ghost  
  81  12:30  Missile Turret  
  81  12:31  Missile Turret  
  81  12:34  Planetary Fortress  
  81  12:52  Refinery, Command Center  
  81  12:54  Refinery, Siege Tank  
  81  12:57  SCV  
  83  13:07  Siege Tank  
  83  13:09  SCV  
  87  13:14  Hellion  
  87  13:15  Hellion  
  87  13:18  Liberator  
  94  13:21  SCV  
  94  13:26  Siege Tank  
  98  13:38  Thor  
  39  14:49  Siege Tank  
  39  14:50  Thor  
  48  14:54  SCV  
  49  15:00  Supply Depot  
  49  15:01  Supply Depot  
  49  15:02  Supply Depot  
  49  15:04  Factory  
  53  15:25  SCV  
Show
View Real Time Build Order
Export as new Build Order

Subwayeatn Zerg - Winner!

Build Orders: Pool First 

Get SALT Encoding   

  12  0:01  Drone  
  13  0:12  Overlord  
  13  0:19  Drone  
  14  0:33  Spawning Pool  
  13  0:37  Drone  
  13  0:41  Drone  
  15  0:45  Drone  
  16  0:51  Drone  
  16  0:54  Extractor  
  16  1:15  Hatchery  
  15  1:25  Queen  
  17  1:34  Overlord  
  17  1:40  Zergling x2  
  17  1:43  Zergling x2  
  19  1:47  Drone  
  20  1:55  Drone  
  21  2:05  Queen  
  23  2:11  Metabolic Boost  
  23  2:16  Drone  
  23  2:20  Drone  
  25  2:30  Overlord  
  25  2:34  Drone  
  26  2:46  Drone x3  
  29  3:10  Zergling x4  
  29  3:11  Zergling x6  
  33  3:15  Drone  
  33  3:20  Roach Warren  
  32  3:32  Overlord  
  32  3:35  Overlord  
  32  3:37  Drone x2  
  34  3:54  Drone x5  
  34  4:03  Roach x3  
  34  4:04  Spine Crawler  
  34  4:08  Roach  
  41  4:11  Lair  
  41  4:17  Extractor  
  33  4:38  Roach  
  33  4:39  Roach x5  
  44  4:57  Drone x5  
  49  5:05  Drone x3  
  52  5:10  Glial Reconstitution  
  52  5:15  Drone  
  52  5:16  Drone  
  54  5:22  Overlord  
  54  5:33  Drone x2  
  54  5:34  Drone x3  
  51  5:55  Spire  
  50  5:59  Drone x2  
  48  6:08  Hatchery  
  48  6:09  Roach x3  
  51  6:19  Drone  
  51  6:20  Evolution Chamber, Drone x2  
  51  6:21  Evolution Chamber  
  52  6:30  Queen  
  52  6:32  Drone x3  
  57  6:40  Roach x2  
  57  6:41  Roach  
  63  6:50  Evolution Chamber x2  
  61  7:06  Zerg Ground Armor Level 1, Zerg Missile Weapons Level 1  
  61  7:21  Roach x5  
  71  7:27  Queen  
  73  7:34  Overlord  
  73  7:35  Drone  
  73  7:36  Overlord  
  74  7:38  Overlord  
  74  7:46  Overlord  
  74  7:47  Overlord  
  74  7:55  Drone x9  
  83  8:04  Zerg Flyer Weapons Level 1  
  83  8:10  Extractor  
  83  8:11  Extractor  
  76  8:28  Extractor, Drone x4  
  76  8:29  Extractor, Drone x7  
  85  8:43  Ravager  
  85  8:44  Ravager x4  
  90  8:51  Drone x2  
  92  8:58  Mutalisk x2  
  96  9:15  Hydralisk Den, Overlord  
  96  9:16  Overlord  
  95  9:18  Overlord  
  95  9:20  Zerg Missile Weapons Level 2  
  95  9:24  Drone  
  95  9:25  Drone x2  
  95  9:26  Drone x2  
  95  9:27  Drone  
  95  9:29  Overseer  
  101  9:33  Zerg Ground Armor Level 2  
  101  9:40  Mutalisk  
  101  9:43  Mutalisk  
  105  9:53  Extractor  
  105  9:54  Hatchery  
  105  9:55  Extractor  
  102  10:00  Hatchery, Extractor  
  102  10:01  Extractor  
  102  10:06  Mutalisk x3  
  102  10:07  Mutalisk  
  101  10:13  Mutalisk  
  109  10:17  Drone x2  
  109  10:18  Drone  
  109  10:19  Drone x3  
  109  10:20  Drone x3  
  118  10:21  Drone x2  
  118  10:22  Drone  
  121  10:29  Grooved Spines  
  119  10:55  Drone x2  
  121  10:59  Roach x3  
  121  11:00  Roach x3  
  121  11:01  Roach x2  
  137  11:04  Overlord x2  
  137  11:25  Spine Crawler  
  136  11:33  Hydralisk x8  
  136  11:34  Spine Crawler  
  151  11:40  Muscular Augments  
  151  11:49  Overlord  
  151  11:50  Infestation Pit, Overlord  
  151  11:53  Hydralisk  
  151  11:54  Hydralisk x2  
  156  12:12  Roach x4  
  156  12:15  Ravager x5  
  168  12:16  Ravager x4  
  168  12:18  Hydralisk x2  
  177  12:31  Drone x2  
  177  12:32  Drone  
  177  12:33  Drone x2  
  182  12:48  Overlord  
  182  12:52  Overlord x3  
  182  13:11  Hive  
  182  13:12  Pneumatized Carapace  
  182  13:22  Zergling x4  
  125  14:24  Roach x14  
  116  14:25  Roach x4  
  137  14:39  Queen  
  137  14:42  Zergling x10  
  140  14:51  Mutalisk  
  140  14:52  Mutalisk x4  
  141  15:02  Zergling x10  
  146  15:08  Queen  
Tags
 
Add a new tag
Caveats
  • Supply blocks, unpowered buildings, or Contaminate may cause inaccurate times.
  • Supply counts are checked every 10 seconds.